 Dungeon Crawl Stone Soup version 0.22.1 (webtiles) character file.

74 Oink the Ruffian (level 4, 0/40 HPs)
             Began as a Troll Earth Elementalist on Sept 19, 2018.
             Slain by Sigmund
             ... wielding a +0 scythe
              (6 damage)
             ... on level 2 of the Dungeon.
             The game lasted 00:03:43 (1083 turns).

Oink the Ruffian (Troll Earth Elementalist)         Turns: 1083, Time: 00:03:43

Health: 0/40       AC:  5    Str: 16    XL:     4   Next: 10%
Magic:  4/4        EV: 10    Int: 12    God:
Gold:   83         SH:  0    Dex: 10    Spells: 4/5 levels left

rFire    . . .     SeeInvis .     - Unarmed
rCold    . . .     Gourm    +   (no shield)
rNeg     . . .     Faith    .   c - +0 robe
rPois    .         Spirit   .   (helmet restricted)
rElec    .         Reflect  .   (no cloak)
rCorr    .         Harm     .   (gloves unavailable)
MR       .....                  (boots unavailable)
Stlth    +.........             (no amulet)
HPRegen  0.53/turn              (no ring)
MPRegen  0.09/turn              (no ring)

@: no status effects
A: large, unfitting armour, claws 3, fast metabolism 3, gourmand, regeneration
1, shaggy fur 1, tough skin 2
a: no special abilities


You were on level 2 of the Dungeon.
You were full.

You visited 1 branch of the dungeon, and saw 2 of its levels.

You collected 83 gold pieces.

Inventory:

Missiles
 b - 32 stones (quivered)
Armour
 c - a +0 robe (worn)
Scrolls
 h - a scroll of identify
Potions
 g - a potion of might
Comestibles
 d - 5 rations


   Skills:
 + Level 0.8 Fighting
 - Level 1.5 Dodging
 - Level 1.0 Stealth
 * Level 3.5 Unarmed Combat
 - Level 1.2 Spellcasting
   Level 0.6 Transmutations
 - Level 2.6 Earth Magic


You had 4 spell levels left.
You knew the following spells:

 Your Spells              Type           Power        Failure   Level  Hunger
a - Sandblast             Erth           #.....       10%         1    ##.....

Your spell library contained the following spells:

 Spells                   Type           Power        Failure   Level  Hunger
 Passwall                 Tmut/Erth      #.......     22%         2    ###....
 Stone Arrow              Conj/Erth      #.....       45%         3    ####...
 Petrify                  Tmut/Erth      #.......     83%         4    #####..
 Lee's Rapid Deconstruct  Erth           #.........   95%         5    ######.


Dungeon Overview and Level Annotations

Branches:
Dungeon (2/15)

Altars:

Annotations:
D:2 Sigmund


Innate Abilities, Weirdness & Mutations

You are too large for most types of armour.
You have claws for hands.
Your metabolism is lightning-fast.
You like to eat raw meat.
Your natural rate of healing is unusually fast.
You are covered in fur. (AC +1)
You have very tough skin. (AC +2)


Message History

Throwing (i - inventory)
b - 34 stones (quivered)
Press: ? - help, Shift-Dir - straight line, f/p - Sigmund
Aim: Sigmund, wielding a scythe and wearing a robe (severely wounded, fast)
You throw a stone. The stone completely misses Sigmund.
Sigmund closely misses you.
Throwing (i - inventory)
b - 33 stones (quivered)
Press: ? - help, Shift-Dir - straight line, f/p - Sigmund
Aim: Sigmund, wielding a scythe and wearing a robe (severely wounded, fast)
You throw a stone. The stone hits Sigmund.
Sigmund is severely wounded.
Sigmund barely misses you.
Throwing (i - inventory)
b - 32 stones (quivered)
Press: ? - help, Shift-Dir - straight line, f/p - Sigmund
Aim: Sigmund, wielding a scythe and wearing a robe (severely wounded, fast)
Okay, then.
Sigmund barely misses you.
You closely miss Sigmund.
Sigmund is severely wounded.
Sigmund hits you with a scythe.
You die...

***,**,**,,,,,*****,,...##.#..#..
,,,,*,,,,,,**** **.##.##.#.....
,,,,,,,,,,,+,,*#####.......#.....
**,,*,,,,,,**,,......##.##*#.....
*,,*,,,,,,*#,,,.....##.# #..#..
*,,*,,,,,,*#.,,.....#*,* #.....
**,,**,**####.###....#*,* #.#...
,,,***,,,......@)....#*,* #.#...
,,,,****,.......@....##.# #.##..
,,,,,,**,............##.# #.##..
,,,,,,***####+###....##.####.###.
,,,,,,,,,,.......................
,,,,,,****###.###...###...##.####
,,,,,,* #.............##.....
,,,,********#................####
,,,,,,,,,,,......................
,,,,*******########....#####.####


You could see Sigmund.

Vanquished Creatures
  Terence (D:2)
  An ooze (D:1)
  A worm (D:2)
  2 leopard geckos (D:1)
  2 ball pythons
  6 bats
  5 goblins
  3 hobgoblins
  2 jackals (D:2)
  4 kobolds (D:1)
  8 frilled lizards
  4 rats (D:1)
39 creatures vanquished.

Notes
Turn   | Place    | Note
-------+----------+-------------------------------------------
     0 | D:1      | Oink the Troll Earth Elementalist began the quest for the
                  | Orb.
     0 | D:1      | Reached XP level 1. HP: 16/16 MP: 1/1
    23 | D:1      | Reached skill level 1 in Unarmed Combat
   156 | D:1      | Reached XP level 2. HP: 24/24 MP: 2/2
   363 | D:1      | Reached skill level 2 in Unarmed Combat
   617 | D:1      | Reached XP level 3. HP: 32/32 MP: 3/3
   911 | D:2      | Noticed Terence
   918 | D:2      | Killed Terence
   918 | D:2      | Reached skill level 3 in Unarmed Combat
   986 | D:2      | Reached XP level 4. HP: 25/40 MP: 4/4
  1027 | D:2      | Noticed Sigmund
  1083 | D:2      | Slain by Sigmund

Skill      XL: |  1  2  3 |
---------------+----------+-----
Unarmed Combat | 1 2 3 |  3.5
Fighting       | |  0.8
Dodging        | |  1.5
Stealth        | |  1.0
Spellcasting   | |  1.2
Transmutations | |  0.6
Earth Magic    | |  2.6

Action                   |  1- 3 |  4- 6 || total
-------------------------+-------+-------++-------
Melee: Unarmed           |    92 |    26 ||   118
       Punch             |     1 |       ||     1
Throw: Stone             |       |    16 ||    16
  Use: Scroll            |       |     2 ||     2
       Potion            |       |     2 ||     2
 Stab: Sleeping          |     3 |       ||     3
  Eat: Chunk             |    13 |       ||    13
Armor: Robe              |    29 |     8 ||    37
       Skin              |       |    26 ||    26
Dodge: Dodged            |    48 |    17 ||    65
